 Dungeon Crawl Stone Soup version 0.22-a0-803-gd6d8abe (webtiles) character file.

13879 KristoblXynda the Destroyer (level 11, -13/82 HPs)
             Began as a Green Draconian Conjurer on July 22, 2018.
             Was an Elder of Vehumet.
             Mangled by a white ugly thing (27 damage)
             ... on level 11 of the Dungeon.
             The game lasted 00:45:01 (15668 turns).

KristoblXynda the Destroyer (DrCj)                 Turns: 15668, Time: 00:45:02

Health: -13/82     AC:  9    Str: 10    XL:     11   Next: 81%
Magic:  18/23      EV: 12    Int: 19    God:    Vehumet [****..]
Gold:   369        SH:  3    Dex: 12    Spells: 10/26 levels left

rFire    . . .     SeeInvis .   m - +3 dagger (venom)
rCold    . . .     Gourm    .   (no shield)
rNeg     + . .     Faith    .   (armour unavailable)
rPois    +         Spirit   .   (helmet restricted)
rElec    .         Reflect  +   p - +1 cloak
rCorr    .         Harm     .   (no gloves)
MR       .....                  (no boots)
Stlth    +++.......             d - +3 amulet of reflection
HPRegen  0.23/turn              k - ring of positive energy
MPRegen  0.18/turn              (no ring)

@: short of breath, slowed, very slow
A: breathe noxious fumes, unfitting armour, poison resistance, cold-blooded, AC
+7
a: Breathe Noxious Fumes, Renounce Religion


You were on level 11 of the Dungeon.
You worshipped Vehumet.
Vehumet was greatly pleased with you.
You were not hungry.

You visited 2 branches of the dungeon, and saw 12 of its levels.
You also visited: Sewer.

You collected 616 gold pieces.
You spent 247 gold pieces at shops.

Inventory:

Hand Weapons
 h - a +1 dagger of holy wrath
 m - a +3 dagger of venom (weapon)
 z - a +2 long sword of holy wrath
 C - a +0 scimitar of flaming
Missiles
 D - 4 throwing nets (quivered)
Armour
 p - a +1 cloak (worn)
 M - a +0 buckler
Jewellery
 a - an uncursed amulet of magic regeneration
 d - a +3 amulet of reflection (around neck)
 k - a ring of positive energy (left hand)
Wands
 q - a wand of iceblast (15)
 r - a wand of paralysis (9)
 w - a wand of acid (3)
 x - a wand of scattershot (4)
Scrolls
 g - 7 scrolls of teleportation
 l - a scroll of blinking
 t - 2 scrolls of fear
 y - 3 scrolls of immolation
 A - 3 scrolls of magic mapping
 E - a scroll of enchant armour
 F - 2 scrolls of remove curse
Potions
 c - 3 potions of flight
 e - a potion of lignification
 f - 2 potions of magic
 i - 2 potions of resistance
 j - a potion of might
 n - a potion of mutation {unknown}
 o - 3 potions of heal wounds
 s - a potion of ambrosia
 u - 3 potions of curing
 v - 3 potions of brilliance
 B - a potion of invisibility {unknown}
 H - a potion of cancellation {unknown}
Miscellaneous
 I - a box of beasts
Comestibles
 b - 12 rations


   Skills:
 - Level 3.1 Fighting
 - Level 1.7 Dodging
 + Level 7.1 Stealth
 - Level 3.2 Unarmed Combat
 + Level 8.1 Spellcasting
 + Level 12.4 Conjurations
 - Level 3.0 Air Magic
 + Level 8.6 Evocations


You had 10 spell levels left.
You knew the following spells:

 Your Spells              Type           Power        Failure   Level  Hunger
b - Mephitic Cloud        Conj/Pois/Air  ####....     1%          3    None
c - Iskenderun's Mystic   Conj           ######..     1%          4    ###....
d - Borgnjor's Vile Clut  Necr/Erth      #.........   94%         5    #####..
e - Sticky Flame          Conj/Fire      ####....     1%          4    ###....

Your spell library contained the following spells:

 Spells                   Type           Power        Failure   Level  Hunger
 Magic Dart               Conj           ####         1%          1    None
 Venom Bolt               Conj/Pois      ####......   5%          5    #####..
 Olgreb's Toxic Radiance  Pois           #.......     22%         4    ###....
 Animate Dead             Necr           N/A          65%         4    ###....
 Sting                    Conj/Pois      ####         1%          1    None
 Recall                   Summ/Tloc      N/A          26%         3    None
 Death Channel            Necr           #.........   100%        6    ######.
 Simulacrum               Ice/Necr       #.........   100%        6    ######.
 Fulminant Prism          Conj/Hex       ####......   1%          4    ###....
 Dazzling Spray           Conj/Hex       ####..       1%          3    None
 Force Lance              Conj/Tloc      ####....     1%          4    ###....
 Searing Ray              Conj           ######       1%          2    None
 Poisonous Vapours        Pois/Air       ##....       8%          2    None


Dungeon Overview and Level Annotations

Branches:
Dungeon (11/15)            Temple (1/1) D:5
   Lair: D:8-11         Orc: D:9-12

Altars:
Ashenzari
Cheibriados
Dithmenos
Elyvilon
Fedhas
Gozag
Hepliaklqana
Kikubaaqudgha
Makhleb
Nemelex Xobeh
Okawaru
Qazlal
Ru
Sif Muna
Trog
Uskayaw
Vehumet
Wu Jian
Xom
Yredelemnul
Zin
The Shining One

Shops:
D:7 *   D:11 [


Innate Abilities, Weirdness & Mutations

You can breathe blasts of noxious fumes.
Your lurid green scales are hard. (AC +7)
You cannot fit into any form of body armour.
Your system is resistant to poisons. (rPois)
You are cold-blooded and may be slowed by cold attacks.


Message History

* * * LOW HITPOINT WARNING * * *
The white ugly thing seems less confused.
The white ugly thing misses you.
There is a stone staircase leading up, spattered with blood here.
Casting: Mephitic Cloud (safe; 1% risk of failure)
Confirm with . or Enter, or press ? or * to list all spells.
Aiming: Mephitic Cloud (safe; 1% risk of failure)
Press: ? - help, Shift-Dir - straight line, f/p - white ugly thing
Aim: a white ugly thing (lightly wounded, poisoned)
The ball explodes into a vile cloud!
The stinking cloud engulfs the white ugly thing.
The white ugly thing is lightly wounded.
The stinking cloud engulfs you!
You feel yourself speed up.
You hear a bark!
The white ugly thing is engulfed in noxious fumes.
The white ugly thing pecks you!
* * * LOW HITPOINT WARNING * * *
The white ugly thing freezes you!!
You feel yourself slow down.
You die...

#### #..
#.# #.#
#@#
#u######.
#§§......
#.§######
#..# #..#
#..# #
.... #.
##.## Y.#


You could see a white ugly thing.

Vanquished Creatures
  Harold (D:10)
  Erica (D:9)
  4 two-headed ogres
  The ghost of Deathmic the Spear-Bearer, a novice HOFi of Beogh (D:6)
  A wizard (D:8)
  Pikel (D:9)
  An orc sorcerer (D:8)
  A cyclops (shapeshifter) (D:10)
  The ghost of CcS the Chopper, an amateur MiFi (D:3)
  17 yaks
  A hungry ghost (D:10)
  2 water moccasins
  3 orc warriors
  Purgy (Sewer)
  An ice beast (D:10)
  2 phantoms
  2 black bears
  A sky beast (D:10)
  2 necrophages
  An eye of draining (D:10)
  5 ogres
  8 centaurs
  A crocodile (D:8)
  4 big kobolds
  7 bullfrogs
  A gnoll sergeant (D:8)
  A water moccasin zombie (D:9)
  6 scorpions
  2 water moccasin skeletons
  3 wights (D:9)
  A howler monkey (D:7)
  3 electric eels (D:6)
  6 crimson imps
  5 hounds
  2 jellies
  5 orc priests
  A bullfrog zombie (D:3)
  A centaur skeleton (D:7)
  3 bullfrog skeletons
  Ijyb (D:3)
  3 iguanas
  Natasha (thrice) (D:2)
  9 orc wizards
  6 worker ants
  A killer bee zombie (D:7)
  A hound zombie (D:8)
  A hound skeleton (D:4)
  2 worker ant zombies
  Robin (D:2)
  A howler monkey skeleton (D:3)
  7 gnolls
  2 river rats (D:3)
  8 adders
  2 shadow imps
  2 oozes (D:1)
  3 adder skeletons
  3 worms
  2 dart slugs
  6 leopard geckos
  28 orcs
  7 ball pythons
  7 bats
  10 giant cockroaches
  40 goblins
  37 hobgoblins
  14 jackals
  6 quokkas
  20 frilled lizards
  14 kobolds
  2 leopard gecko zombies (D:7)
  10 rats
369 creatures vanquished.

Vanquished Creatures (others)
  2 slaves (D:9)
  An orc wizard (D:9)
  3 orcs (D:9)
6 creatures vanquished.

Grand Total: 375 creatures vanquished

Notes
Turn   | Place    | Note
-------+----------+-------------------------------------------
     0 | D:1      | KristoblXynda the Draconian Conjurer began the quest for the Orb.
     0 | D:1      | Reached XP level 1. HP: 14/14 MP: 3/3
   221 | D:1      | Reached XP level 2. HP: 9/20 MP: 1/5
   457 | D:1      | Reached skill level 1 in Unarmed Combat
   816 | D:1      | Reached XP level 3. HP: 26/26 MP: 4/6
  1484 | D:2      | Reached skill level 5 in Conjurations
  1923 | D:2      | Noticed Robin
  1933 | D:1      | Reached XP level 4. HP: 29/33 MP: 0/7
  2559 | D:2      | Killed Robin
  2788 | D:2      | Noticed a bullfrog
  2798 | D:2      | Killed a bullfrog
  2798 | D:2      | Reached XP level 5. HP: 24/38 MP: 3/8
  3044 | D:2      | Reached skill level 6 in Conjurations
  3254 | D:2      | Found a sacrificial altar of Ru.
  3266 | D:2      | Noticed Natasha
  3279 | D:2      | Killed Natasha
  3497 | D:2      | Noticed Natasha
  3503 | D:2      | Killed Natasha
  3577 | D:2      | Noticed Natasha
  3584 | D:2      | Killed Natasha
  3584 | D:2      | Reached XP level 6. HP: 35/45 MP: 5/9
  3594 | D:3      | Found a runed gate.
  3594 | D:3      | Found a runed gate.
  3596 | D:3      | Found a runed gate.
  3598 | D:3      | Noticed CcS's ghost (amateur MiFi)
  3628 | D:3      | Found a shadowy altar of Dithmenos.
  3979 | D:3      | Found a glowing drain.
  3994 | Sewer    | Entered a sewer
  3999 | Sewer    | Learned a level 3 spell: Mephitic Cloud
  4040 | Sewer    | Noticed Purgy
  4044 | Sewer    | Killed Purgy
  4044 | Sewer    | Reached skill level 7 in Conjurations
  4044 | Sewer    | Reached skill level 1 in Air Magic
  4204 | D:3      | Noticed Ijyb
  4236 | D:3      | Killed Ijyb
  4497 | D:3      | Killed CcS's ghost
  4497 | D:3      | Your scales start taking on a lurid green colour.
  4497 | D:3      | Reached XP level 7. HP: 13/50 MP: 10/10
  4497 | D:3      | Gained mutation: Your system is resistant to poisons. (rPois) [Green Draconian growth]
  4806 | D:4      | Reached skill level 8 in Conjurations
  5103 | D:4      | Found an ornate altar of the Wu Jian Council.
  5376 | D:4      | Found a blossoming altar of Fedhas.
  5451 | D:4      | Reached skill level 1 in Fighting
  5599 | D:5      | Entered Level 5 of the Dungeon
  5653 | D:5      | Reached XP level 8. HP: 55/61 MP: 11/11
  5681 | D:5      | Reached skill level 9 in Conjurations
  5973 | D:5      | Found a staircase to the Ecumenical Temple.
  6017 | Temple   | Entered the Ecumenical Temple
  6116 | Temple   | Became a worshipper of Vehumet
  6495 | D:6      | Reached skill level 1 in Evocations
  6870 | D:6      | Found a runed door.
  6877 | D:6      | Noticed Deathmic's ghost (novice HOFi)
  6902 | D:6      | Killed Deathmic's ghost
  6902 | D:6      | Reached skill level 10 in Conjurations
  6902 | D:6      | Reached XP level 9. HP: 33/69 MP: 12/14
  7145 | D:6      | Reached * piety under Vehumet
  7145 | D:6      | Offered knowledge of Sandblast by Vehumet.
  7265 | D:6      | Learned a level 4 spell: Iskenderun's Mystic Blast
  7486 | D:6      | Reached ** piety under Vehumet
  7489 | D:6      | Offered knowledge of Freeze by Vehumet.
  8443 | D:7      | Reached skill level 5 in Spellcasting
  8704 | D:7      | Reached skill level 5 in Evocations
  8899 | D:7      | Offered knowledge of Static Discharge by Vehumet.
  9210 | D:7      | Found Hunaoph's Assorted Antiques.
  9213 | D:7      | Bought a scroll of identify for 66 gold pieces
  9213 | D:7      | Bought a pair of gloves for 148 gold pieces
  9213 | D:7      | Bought a scroll labeled TEOLU CYPPE for 33 gold pieces
  9799 | D:8      | Noticed a two-headed ogre
  9823 | D:8      | Killed a two-headed ogre
  9823 | D:8      | Reached XP level 10. HP: 77/77 MP: 3/18
  9892 | D:8      | Reached skill level 11 in Conjurations
 10057 | D:8      | Found a shattered altar of Ashenzari.
 10057 | D:8      | Noticed a two-headed ogre
 10082 | D:8      | Killed a two-headed ogre
 10580 | D:8      | Noticed a wizard
 10583 | D:8      | Noticed an orc sorcerer
 10590 | D:8      | Killed a wizard
 10593 | D:8      | Killed an orc sorcerer
 10593 | D:8      | Reached *** piety under Vehumet
 10611 | D:8      | Learned a level 5 spell: Borgnjor's Vile Clutch
 10802 | D:8      | Found a basalt altar of Yredelemnul.
 11137 | D:8      | Found a hazy altar of Hepliaklqana.
 11196 | D:9      | Found a white marble altar of Elyvilon.
 11196 | D:9      | Found a shattered altar of Ashenzari.
 11196 | D:9      | Found an iron altar of Okawaru.
 11200 | D:9      | Found a glowing golden altar of the Shining One.
 11201 | D:9      | Found a sparkling altar of Nemelex Xobeh.
 11616 | D:8      | Reached skill level 5 in Stealth
 11899 | D:9      | Offered knowledge of Sticky Flame by Vehumet.
 11910 | D:9      | Learned a level 4 spell: Sticky Flame
 12059 | D:9      | Found a bloodstained altar of Trog.
 12059 | D:9      | Noticed Pikel
 12107 | D:9      | Killed Pikel
 12107 | D:9      | Reached XP level 11. HP: 47/82 MP: 10/21
 12274 | D:9      | Noticed a two-headed ogre
 12389 | D:9      | Killed a two-headed ogre
 12667 | D:9      | Noticed Erica
 12680 | D:9      | Killed Erica
 12953 | D:10     | Entered Level 10 of the Dungeon
 13239 | D:10     | Reached **** piety under Vehumet
 13660 | D:10     | Reached skill level 12 in Conjurations
 14529 | D:10     | Offered knowledge of Inner Flame by Vehumet.
 14540 | D:10     | Noticed Harold
 14556 | D:10     | Killed Harold
 15253 | D:11     | Noticed a green ugly thing
 15295 | D:11     | Found Norphuem's Antique Armour Shoppe.
 15323 | D:11     | Noticed a two-headed ogre
 15626 | D:11     | Noticed a two-headed ogre
 15640 | D:11     | Noticed a white ugly thing
 15649 | D:11     | Killed a two-headed ogre
 15668 | D:11     | Mangled by a white ugly thing

Vault maps used:
D:1:      lightli_arrival_flooded_house
D:2:      nicolae_ru_the_path_less_chosen, minmay_lizard_king, uniq_natasha,
          uniq_robin
D:3:      lemuel_doored_altar, gammafunk_ghost_necromancy, portal_sewer_entry_e,
          minmay_misc_feat_rugged, dk_noncrumbling_3, minmay_misc_feat_x,
          uniq_ijyb
D:4:      lemuel_coloured_pillars_altar, nicolae_overflow_hidden_temple,
          first_ration
D:6:      minmay_goblin_kobold_castle, ebering_ghost_sewer_d
D:7:      serial_shops, kennysheep_mini, the_bakery,
          minmay_misc_feat_four_crosses
D:8:      cheibrodos_wizards_tower, marbit_many_paths,
          yredelemnul_altar_generic, ashenzari_altar_1
D:9:      minitemple, trog_ov_bears_minmay, uniq_erica, uniq_pikel
D:10:     kennysheep_just_a_vault, uniq_harold
D:11:     lair_entry_dummy, serial_shops, shop, kennysheep_mini_moat, shop,
          shop, nicolae_shop_competitors_out_of_business
Temple:   jpeg_temple_clearing
Sewer:    sewer_co_purgy_island

Skill      XL: |  1  2  3  4  5  6  7  8  9 10 11 |
---------------+----------------------------------+-----
Unarmed Combat | 1 2 3 |  3.2
Conjurations   | 5 6 7 8 10 11 12 | 12.4
Air Magic      | 2 3 |  3.0
Fighting       | 1 3 |  3.1
Evocations     | 3 5 7 8 |  8.6
Spellcasting   | 3 5 6 8 |  8.1
Stealth        | 3 5 7 |  7.1
Dodging        | |  1.7

Action                   |  1- 3 |  4- 6 |  7- 9 | 10-12 || total
-------------------------+-------+-------+-------+-------++-------
Melee: Unarmed           |    94 |    43 |       |       ||   137
       Tailslap          |    10 |    15 |    43 |    60 ||   128
       Dagger            |       |   208 |   389 |   376 ||   973
       Punch             |       |     6 |     2 |     5 ||    13
       Long sword        |       |       |       |     6 ||     6
 Cast: Magic Dart        |    89 |    51 |   175 |    35 ||   350
       Mephitic Cloud    |       |     3 |    18 |    18 ||    39
       Iskenderun's Myst |       |       |       |    26 ||    26
       Sticky Flame      |       |       |       |    13 ||    13
 Abil: Breathe Noxious F |       |       |     3 |    11 ||    14
Evoke: Wand              |       |     2 |    10 |     2 ||    14
  Use: Scroll            |       |    10 |    10 |     5 ||    25
       Potion            |       |     7 |       |       ||     7
 Stab: Paralysed         |       |    11 |     8 |       ||    19
       Sleeping          |       |     1 |     4 |     6 ||    11
       Confused          |       |     1 |     5 |     7 ||    13
       Distracted        |       |       |     1 |       ||     1
  Eat: Chunk             |     5 |     6 |    10 |    14 ||    35
       Ration            |       |     1 |     3 |     5 ||     9
Armor: Skin              |    36 |    94 |   128 |   106 ||   364
Dodge: Dodged            |    70 |   143 |   247 |   211 ||   671
Block: Other             |       |    12 |       |    25 ||    37
       Reflection        |       |     1 |       |     1 ||     2
       Rpst.: Long sword |       |       |       |     3 ||     3

Table legend:
 A = Spawn XP
 B = Non-spawn XP
 C = Spawn XP percentage of total XP
 D = Spawn monster count
 E = Non-spawn monster count
 F = Spawn count percentage of total count
 G = Total turns spent on level
                    A         B        C        D         E        F      G
               +---------+---------+-------+---------+---------+-------+---------
         Total |       0 |   19828 |   0.0 |       0 |     369 |   0.0 | 15668
               +---------+---------+-------+---------+---------+-------+---------
           D:1 |       0 |      81 |   0.0 |       0 |      37 |   0.0 |  1820
           D:2 |       0 |     299 |   0.0 |       0 |      49 |   0.0 |  1774
           D:3 |       0 |     386 |   0.0 |       0 |      35 |   0.0 |   991
           D:4 |       0 |     427 |   0.0 |       0 |      26 |   0.0 |   885
           D:5 |       0 |     515 |   0.0 |       0 |      19 |   0.0 |   752
           D:6 |       0 |    2252 |   0.0 |       0 |      74 |   0.0 |  1810
           D:7 |       0 |    1056 |   0.0 |       0 |      26 |   0.0 |  1524
           D:8 |       0 |    4057 |   0.0 |       0 |      26 |   0.0 |  1705
           D:9 |       0 |    4011 |   0.0 |       0 |      22 |   0.0 |  1449
          D:10 |       0 |    4537 |   0.0 |       0 |      37 |   0.0 |  2601
          D:11 |       0 |    2066 |   0.0 |       0 |      11 |   0.0 |   114
         Sewer |       0 |     141 |   0.0 |       0 |       7 |   0.0 |   129
               +---------+---------+-------+---------+---------+-------+---------
